[Event "WCCC U12 2019"]
[Site "Weifang"]
[Date "2019.08.21"]
[Round "1"]
[White "Pingin, Artem"]
[Black "Steiner, Adamson"]
[Result "1-0"]
[ECO "D40"]
[WhiteElo "2155"]
[BlackElo "1561"]
[Annotator "ChessBase"]
[PlyCount "51"]
[EventDate "2019.08.21"]
[EventType "swiss"]
[EventCountry "CHN"]
[SourceTitle "playchess.com"]
[Source "ChessBase"]
[SourceQuality "1"]
[TimeControl "40/5400+30:1800+30"]

1. c4 (1. c4 e6 2. Nf3 d5 3. e3 c5 4. d4 Nc6 5. Nc3 Nf6 6. a3 a6 7. cxd5 exd5) 1... e6 2. Nf3 d5 3. e3 c5 4. d4 Nc6 5. Nc3 Nf6 6. a3 a6 7. cxd5 exd5 8. Be2 Bd6 9. dxc5 Bxc5 10. b4 Ba7 11. b5 axb5 12. Nxb5 O-O 13. Nxa7 Rxa7 14. O-O Ne4 15. Bb2 Be6 16. Nd4 Qg5 17. f4 Qh6 18. Rc1 Ne7 19. Rc7 Nc8 20. Bg4 Ncd6 21. Nxe6 Ne8 22. Nxf8 Nxc7 23. Nd7 f6 24. Qc2 b5 25. Bd4 Rb7 26. Qc6 1-0

[Event "WCCC U12 2019"]
[Site "Weifang"]
[Date "2019.08.21"]
[Round "1"]
[White "Ochirbat, Lkhagvajamts"]
[Black "Ren, Xiang"]
[Result "1-0"]
[ECO "D93"]
[WhiteElo "2137"]
[BlackElo "1542"]
[Annotator "ChessBase"]
[PlyCount "138"]
[EventDate "2019.08.21"]
[EventType "swiss"]
[EventCountry "CHN"]
[SourceTitle "playchess.com"]
[Source "ChessBase"]
[SourceQuality "1"]
[TimeControl "40/5400+30:1800+30"]

1. d4 Nf6 2. c4 g6 3. Nc3 d5 4. Nf3 Bg7 5. Bf4 O-O 6. e3 c5 7. dxc5 Qa5 8. Rc1 dxc4 9. Bxc4 Qxc5 10. Bb3 Nc6 11. O-O Qh5 12. Nd2 Nb4 13. Bc4 Qxd1 14. Rfxd1 Be6 15. Bxe6 fxe6 16. Nf3 Nfd5 17. Be5 Bxe5 18. Nxe5 Rac8 19. a3 Nxc3 20. Rxc3 Nd5 21. Rxc8 Rxc8 22. e4 Nb6 23. h4 Rc2 24. b3 Rc3 25. Rd3 Rxd3 26. Nxd3 Nd7 27. e5 Kf7 28. f4 Ke8 29. Kf2 Kd8 30. Kf3 a5 31. Kg4 Ke8 32. Kg5 Kf7 33. Kh6 Kg8 34. h5 gxh5 35. Kxh5 Kg7 36. g3 b6 37. b4 axb4 38. Nxb4 Nc5 39. Nc6 Ne4 40. Kg4 Kf8 41. Nd8 Nc5 42. Kh5 Kg7 43. g4 b5 44. Kh4 Kf8 45. Nc6 Nd3 46. Kg3 Ke8 47. Nd4 b4 48. axb4 Nxb4 49. Nxe6 Kf7 50. Ng5+ Kg6 51. Ne4 Nc6 52. f5+ Kg7 53. Kf4 h6 54. Nc3 Kf7 55. Nd5 Nd4 56. e6+ Kf8 57. Ke4 Nc6 58. Nf4 Nd8 59. f6 exf6 60. Kf5 Nb7 61. Kxf6 Nc5 62. Nd5 Ne4+ 63. Ke5 Ng5 64. Kf6 Ne4+ 65. Kg6 Ng5 66. e7+ Ke8 67. Kxh6 Nf7+ 68. Kg7 Ng5 69. Kg6 Ne6 1-0

[Event "WCCC U12 2019"]
[Site "Weifang"]
[Date "2019.08.21"]
[Round "1"]
[White "Sethuraman, Sandeep"]
[Black "Abdullayev, Ayat"]
[Result "0-1"]
[ECO "E68"]
[WhiteElo "2112"]
[BlackElo "1537"]
[Annotator "ChessBase"]
[PlyCount "54"]
[EventDate "2019.08.21"]
[EventType "swiss"]
[EventCountry "CHN"]
[SourceTitle "playchess.com"]
[Source "ChessBase"]
[SourceQuality "1"]
[TimeControl "40/5400+30:1800+30"]

1. d4 Nf6 2. c4 g6 3. g3 Bg7 4. Bg2 d6 5. Nf3 O-O 6. Nc3 Nbd7 7. O-O e5 8. e4 Re8 9. h3 exd4 10. Nxd4 Nc5 11. Re1 Bd7 12. Kh2 h5 13. Rb1 a5 14. Bg5 Ng4+ 15. hxg4 Qxg5 16. gxh5 Bg4 17. f3 Qxh5+ 18. Kg1 Be6 19. Nd5 Bxd5 20. cxd5 f5 21. Nb5 Rac8 22. Qd2 fxe4 23. fxe4 Be5 24. Re3 Qg5 25. Kh2 Bxg3+ 26. Kg1 Nxe4 27. Qd3 Bf2+ 0-1

[Event "WCCC U12 2019"]
[Site "Weifang"]
[Date "2019.08.21"]
[Round "1"]
[White "Cheon, Sehyuk"]
[Black "Dev, Shah"]
[Result "0-1"]
[ECO "C56"]
[WhiteElo "1561"]
[BlackElo "2161"]
[Annotator "ChessBase"]
[PlyCount "76"]
[EventDate "2019.08.21"]
[EventType "swiss"]
[EventCountry "CHN"]
[SourceTitle "playchess.com"]
[Source "ChessBase"]
[SourceQuality "1"]
[TimeControl "40/5400+30:1800+30"]

1. e4 (1. e4) 1... e5 2. Nf3 Nc6 3. d4 exd4 4. Bc4 Nf6 5. e5 d5 6. Bb5 Nd7 7. Bxc6 bxc6 8. Nxd4 Nb8 9. O-O Be7 10. c3 O-O 11. Re1 c5 12. Nb3 Be6 13. Be3 Nd7 14. Qc2 c4 15. Nd4 Nxe5 16. Bf4 Nd3 17. Rxe6 fxe6 18. Nxe6 Qd7 19. Nxf8 Rxf8 20. Be3 Qg4 21. Nd2 Bg5 22. Nf1 Bxe3 23. Nxe3 Qg5 24. Rf1 Rxf2 25. Rxf2 Qxe3 26. Qe2 Qxf2+ 27. Qxf2 Nxf2 28. Kxf2 Kf7 29. Ke3 Ke6 30. Kf4 c5 31. h3 h6 32. h4 g6 33. g3 Kf6 34. g4 g5+ 35. hxg5+ hxg5+ 36. Kf3 Ke5 37. Ke3 d4+ 38. Kf3 Kd5 0-1

[Event "WCCC U12 2019"]
[Site "Weifang"]
[Date "2019.08.21"]
[Round "1"]
[White "Xiu, Yixuan"]
[Black "Navumenka, Mikhei"]
[Result "0-1"]
[ECO "A50"]
[WhiteElo "1556"]
[BlackElo "2148"]
[Annotator "ChessBase"]
[PlyCount "144"]
[EventDate "2019.08.21"]
[EventType "swiss"]
[EventCountry "CHN"]
[SourceTitle "playchess.com"]
[Source "ChessBase"]
[SourceQuality "1"]
[TimeControl "40/5400+30:1800+30"]

1. d4 Nf6 2. c4 b6 3. Nf3 Bb7 4. e3 e6 5. Be2 Be7 6. O-O O-O 7. Nc3 d5 8. cxd5 exd5 9. Qb3 Nbd7 10. Rd1 c6 11. Bd2 Bd6 12. Be1 Re8 13. h3 Ne4 14. Rac1 f5 15. Bd3 Kh8 16. Ne2 Qf6 17. Bb4 Bc7 18. Qa4 a5 19. Be1 Bd6 20. Nf4 b5 21. Bxb5 Bxf4 22. exf4 Nb6 23. Qb3 cxb5 24. Rc7 Nd6 25. Ne5 Nbc4 26. f3 Rac8 27. Rxc8 Rxc8 28. Bf2 Bc6 29. Qc2 Be8 30. Qe2 Nxe5 31. dxe5 Qe6 32. Qd3 Nc4 33. b3 Bf7 34. bxc4 dxc4 35. Qa3 c3 36. Qxa5 c2 37. Rc1 Qd5 38. Be3 Qd3 39. Kf2 Bc4 40. Re1 Be6 41. Rc1 h6 42. Qd2 Qxd2+ 43. Bxd2 Bxa2 44. Ke3 Kg8 45. Kd3 Kf7 46. Ra1 Bb3 47. Ra3 Rd8+ 48. Ke3 Ba4 49. Rc3 Rb8 50. Ra3 Rc8 51. Ra1 Ke6 52. g4 g6 53. Kd3 h5 54. Rc1 Kd5 55. Ra1 hxg4 56. hxg4 Rc6 57. gxf5 gxf5 58. Rc1 Rc4 59. Ra1 Rc8 60. Be3 Ra8 61. Kc3 Rh8 62. Bd2 Rh3 63. Rf1 Rg3 64. Be3 Rg2 65. Bc1 Rg8 66. Be3 Rc8+ 67. Kb4 Rc4+ 68. Ka5 Rc3 69. Re1 Rxe3 70. Rxe3 c1=Q 71. Rd3+ Ke6 72. Rd6+ Ke7 0-1

[Event "WCCC U12 2019"]
[Site "Weifang"]
[Date "2019.08.21"]
[Round "1"]
[White "Zhu, Matthew"]
[Black "Milikow, Elie"]
[Result "0-1"]
[ECO "B33"]
[WhiteElo "1539"]
[BlackElo "2134"]
[Annotator "ChessBase"]
[PlyCount "50"]
[EventDate "2019.08.21"]
[EventType "swiss"]
[EventCountry "CHN"]
[SourceTitle "playchess.com"]
[Source "ChessBase"]
[SourceQuality "1"]
[TimeControl "40/5400+30:1800+30"]

1. e4 (1. e4) 1... c5 2. Nf3 Nc6 3. d4 cxd4 4. Nxd4 Nf6 5. Nc3 e5 6. Nxc6 bxc6 7. Bc4 h6 8. O-O Bc5 9. Qe2 O-O 10. Be3 Bb4 11. Bd2 Rb8 12. a3 Ba5 13. b4 Bc7 14. Rfd1 d5 15. exd5 cxd5 16. Be3 d4 17. Nb5 Bb6 18. a4 a6 19. Na3 Qe7 20. Bd2 Bg4 21. Qe1 Bxd1 22. Rxd1 e4 23. a5 Ba7 24. b5 axb5 25. Bxb5 Ng4 0-1

[Event "WCCC U12 2019"]
[Site "Weifang"]
[Date "2019.08.21"]
[Round "1"]
[White "Lo, Jonathan"]
[Black "Wu, David Tai-Wei"]
[Result "0-1"]
[ECO "C92"]
[WhiteElo "1529"]
[BlackElo "2083"]
[Annotator "NA"]
[PlyCount "174"]
[EventDate "2019.08.21"]
[EventType "swiss"]
[EventCountry "CHN"]
[SourceTitle "playchess.com"]
[Source "ChessBase"]
[SourceQuality "1"]
[TimeControl "40/5400+30:1800+30"]

1. e4 (1. e4) 1... e5 2. Nf3 Nc6 3. Bb5 a6 4. Ba4 Nf6 5. O-O Be7 6. Re1 b5 7. Bb3 d6 8. c3 O-O 9. h3 Bb7 10. d4 Re8 11. Ng5 Rf8 12. f4 h6 {C92: Closed Ruy Lopez: 9...Be6, Karpov and Flohr-Zaitsev Variations} (12... exf4 13. Bxf4 Na5 14. Bc2 Nd5 15. exd5 Bxg5 16. Qh5 h6 17. Nd2 Bxd5 18. Ne4 Bxf4 19. Qf5 g6 20. Nf6+ Kg7 21. Nh5+ gxh5 22. Qh7+ Kf6 23. Qf5+ Kg7 24. Qh7+ Kf6 25. Qf5+ {½-½ (25) Djukic,N (2523)-Erdos,V (2627) Batumi 2018}) 13. Nf3 Re8 14. Bc2 exd4 15. Nxd4 d5 $146 ({Predecessor:} 15... Nxd4 16. cxd4 c5 17. e5 Nd7 18. Qd3 Nf8 19. Be3 cxd4 20. Bxd4 dxe5 21. Rxe5 Bf6 22. Nc3 Bxe5 23. fxe5 b4 24. Ne4 Qd5 25. Rd1 Rac8 26. Bb1 Qxe4 {0-1 (26) Wilshusen,H (1700)-Beketsky,E ICCF email 2012}) 16. e5 Ne4 17. Nf5 Bc5+ 18. Be3 Bxe3+ 19. Rxe3 Ne7 20. Nxe7+ Qxe7 21. Nd2 Qc5 22. Qe1 f5 23. Kh2 Rad8 24. Nxe4 dxe4 25. Rg3 Kh7 26. Qe2 g6 27. Re3 Qd5 28. Qf2 Qc5 29. Qe1 Bd5 30. b3 Be6 31. Re2 Rd5 32. a4 Qb6 33. axb5 axb5 34. Rd1 Red8 35. Red2 Qc5 36. Rxd5 Rxd5 37. Rxd5 Qxd5 38. Qh4 Qd7 39. Bd1 Qg7 40. Qf2 Qd7 41. Qh4 Bf7 42. Be2 c6 43. b4 Qe6 44. Bf1 Kg7 45. Be2 Kh7 46. Bf1 Qd7 47. Qf6 Bd5 48. Qh4 Qg7 49. Qf2 g5 50. g3 Qe7 51. Be2 Kg6 52. Qb6 Kg7 53. Qd4 Kh7 54. Bh5 Qg7 55. Qe3 Kg8 56. Be2 Qe7 57. Qb6 Qg7 58. Qd8+ Kh7 59. Qc8 Qf7 60. Qd8 Qg7 61. Qc8 Qf7 62. Qd8 gxf4 63. gxf4 Be6 64. Qd6 Bd5 65. Qc5 Qg7 66. Qe3 Qe7 67. Qg1 Qf7 68. Qe3 Bc4 69. Bxc4 Qxc4 70. Kg3 Qf1 71. Kh4 $11 Kg6 72. Qg3+ Kh7 73. e6 $2 Qc4 74. Qe3 Qxe6 75. Kg3 Qc4 76. h4 (76. Kh4 $142 Kg6 77. Qg1+ Kh7 78. Qa7+ Kg6 79. Qe3) 76... Qg8+ $19 (76... Kg6 $142 77. Kf2 Qa2+ 78. Kg3 Kh5) 77. Kh2 Qg4 78. Qa7+ Kg6 79. Qc7 Qxh4+ 80. Kg2 Qg4+ 81. Kh2 Qe2+ 82. Kh1 Qf3+ 83. Kh2 e3 84. Qe5 Qe4 85. Qd6+ Kh5 86. Qc7 Qe6 87. c4 e2 0-1

[Event "WCCC U12 2019"]
[Site "Weifang"]
[Date "2019.08.22"]
[Round "2"]
[White "Dev, Shah"]
[Black "Makhmudjonov, Davlatbek"]
[Result "1-0"]
[ECO "A91"]
[WhiteElo "2161"]
[BlackElo "1870"]
[Annotator "NA"]
[PlyCount "111"]
[EventDate "2019.08.21"]
[EventType "swiss"]
[EventCountry "CHN"]
[SourceTitle "playchess.com"]
[Source "ChessBase"]
[SourceQuality "1"]
[TimeControl "40/5400+30:1800+30"]

1. d4 d5 2. c4 e6 3. Nc3 f5 4. g3 Nf6 5. Nh3 c6 6. Bg2 Be7 7. O-O O-O 8. Nf4 Ne4 9. Qc2 Bd6 10. f3 Nxc3 11. Qxc3 Qe7 12. Nd3 Nd7 13. b3 e5 14. dxe5 Nxe5 15. cxd5 cxd5 16. f4 Nxd3 17. Qxd3 Be6 18. Bb2 Rac8 19. e3 Kh8 20. Rad1 Rfe8 21. Rfe1 Bf7 22. Bf3 a6 23. Re2 Bc5 24. Be5 Be6 25. Bd4 Bb4 26. Kg2 Rc6 27. h3 Rec8 28. g4 Qd7 29. g5 Qf7 30. Bb2 Qd7 31. h4 Bc3 32. Ba3 Rd8 33. h5 h6 34. Kf2 b5 35. Rg1 b4 36. Bc1 Rg8 37. Kf1 Be5 38. Bd2 Bc3 39. Reg2 hxg5 40. Rxg5 Bf6 41. R5g2 Rc7 42. Bxb4 d4 43. h6 gxh6 44. Rxg8+ Bxg8 45. Rg6 Bg7 46. exd4 Rc1+ 47. Kg2 Bxd4 48. Rxh6+ Bh7 49. Be7 Rg1+ 50. Kh2 Rg7 51. Bd6 Qa7 52. Qxf5 Bf6 53. Bc5 Qc7 54. Be4 Kg8 55. Qe6+ Kh8 56. Qxf6 1-0

[Event "WCCC U12 2019"]
[Site "Weifang"]
[Date "2019.08.22"]
[Round "2"]
[White "Navumenka, Mikhei"]
[Black "Pistalovic, Slobodan"]
[Result "1-0"]
[ECO "D19"]
[WhiteElo "2148"]
[BlackElo "1858"]
[Annotator "NA"]
[PlyCount "47"]
[EventDate "2019.08.21"]
[EventType "swiss"]
[EventCountry "CHN"]
[SourceTitle "playchess.com"]
[Source "ChessBase"]
[SourceQuality "1"]
[TimeControl "40/5400+30:1800+30"]

1. d4 d5 2. c4 c6 3. Nf3 Nf6 4. Nc3 dxc4 5. a4 Bf5 6. e3 e6 7. Bxc4 Bb4 8. O-O O-O 9. Qe2 Bg4 10. h3 Bxf3 11. Qxf3 Nbd7 12. Rd1 Rc8 13. Bb3 Qe7 14. e4 e5 15. Bg5 exd4 16. Rxd4 c5 17. Rxd7 Qxd7 18. Bxf6 c4 19. Qg3 g6 20. Nd5 cxb3 21. Nxb4 Rc4 22. Qg5 Qd6 23. Nd5 Ra8 24. Qh6 1-0

[Event "WCCC U12 2019"]
[Site "Weifang"]
[Date "2019.08.22"]
[Round "2"]
[White "Milikow, Elie"]
[Black "Jin Yueheng"]
[Result "*"]
[ECO "B12"]
[WhiteElo "2134"]
[BlackElo "1832"]
[Annotator "NA"]
[PlyCount "40"]
[EventDate "2019.08.21"]
[EventType "swiss"]
[EventCountry "CHN"]
[SourceTitle "playchess.com"]
[Source "ChessBase"]
[SourceQuality "1"]
[TimeControl "40/5400+30:1800+30"]

1. e4 c6 2. d4 d5 3. e5 Bf5 4. h4 h5 5. Bd3 Bxd3 6. Qxd3 e6 7. Bg5 Be7 8. Nf3 Nd7 9. Nbd2 Qc7 10. Rc1 c5 11. c4 cxd4 12. Qxd4 Bxg5 13. hxg5 Ne7 14. Rc3 Qb6 15. Qxb6 Nxb6 16. g4 g6 17. Nd4 Kd7 18. gxh5 Rxh5 19. Rxh5 gxh5 20. Rf3 Rf8 *

[Event "WCCC U12 2019"]
[Site "Weifang"]
[Date "2019.08.22"]
[Round "2"]
[White "Milikow, Elie"]
[Black "Jin Yueheng"]
[Result "1-0"]
[ECO "B12"]
[WhiteElo "2134"]
[BlackElo "1832"]
[Annotator "NA"]
[PlyCount "96"]
[EventDate "2019.08.21"]
[EventType "swiss"]
[EventCountry "CHN"]
[SourceTitle "playchess.com"]
[Source "ChessBase"]
[SourceQuality "1"]
[TimeControl "40/5400+30:1800+30"]

1. e4 c6 2. d4 d5 3. e5 Bf5 4. h4 h5 5. Bd3 Bxd3 6. Qxd3 e6 7. Bg5 Be7 8. Nf3 Nd7 9. Nbd2 Qc7 10. Rc1 c5 11. c4 cxd4 12. Qxd4 Bxg5 13. hxg5 Ne7 14. Rc3 Qb6 15. Qxb6 Nxb6 16. g4 g6 17. Nd4 Kd7 18. gxh5 Rxh5 19. Rxh5 gxh5 20. Rf3 Rg8 21. Rxf7 Rxg5 22. f4 Rg4 23. b3 h4 24. c5 Nbc8 25. N2f3 h3 26. Ne2 Rg6 27. Rh7 Kc6 28. b4 Kb5 29. a3 a5 30. Nfd4+ Kc4 31. bxa5 Kxc5 32. Rxh3 Nd6 33. exd6 Kxd6 34. Rb3 Nc6 35. Rxb7 Nxa5 36. Rb6+ Ke7 37. f5 Rf6 38. Rxe6+ Rxe6 39. fxe6 Nc4 40. Nf4 Nxa3 41. Nxd5+ Ke8 42. Nc7+ Kd8 43. Ndb5 Nc4 44. Nd5 Kc8 45. e7 Kd7 46. Ke2 Nb6 47. Nbc7 Nxd5 48. Nxd5 Ke8 1-0

[Event "WCCC U12 2019"]
[Site "Weifang"]
[Date "2019.08.22"]
[Round "2"]
[White "Wu, David Tai-Wei"]
[Black "Mahendra Teja Mekala"]
[Result "0-1"]
[ECO "D87"]
[WhiteElo "2083"]
[BlackElo "1827"]
[Annotator "NA"]
[PlyCount "102"]
[EventDate "2019.08.21"]
[EventType "swiss"]
[EventCountry "CHN"]
[SourceTitle "playchess.com"]
[Source "ChessBase"]
[SourceQuality "1"]
[TimeControl "40/5400+30:1800+30"]

1. d4 Nf6 2. c4 g6 3. Nc3 d5 4. cxd5 Nxd5 5. e4 Nxc3 6. bxc3 Bg7 7. Bc4 c5 8. Ne2 Nc6 9. Be3 O-O 10. O-O Qc7 11. Rc1 Rd8 12. f4 e6 13. Qd2 Na5 14. Bd3 f5 15. e5 c4 16. Bc2 b6 17. Bf2 Bb7 18. Bh4 Qc6 19. Ng3 Rd7 20. Rf2 Rc8 21. Nf1 Bf8 22. Ne3 b5 23. Qe1 Qb6 24. Rb1 Rb8 25. a4 a6 26. Rf1 Bc6 27. Qe2 Qc7 28. axb5 axb5 29. Rfc1 b4 30. cxb4 Bxb4 31. Nxc4 Rxd4 32. Nxa5 Rd2 33. Qxd2 Bxd2 34. Nxc6 Rxb1 35. Rxb1 Qxc6 36. Bd1 Bxf4 37. Bf3 Qc5+ 38. Kh1 g5 39. Be1 Bxe5 40. Rd1 g4 41. Be2 Bxh2 42. Kxh2 Qe5+ 43. Bg3 Qxe2 44. Rd8+ Kf7 45. Rd7+ Kg6 46. Re7 Qe3 47. Bh4 f4 48. Re8 h6 49. Rf8 Kg7 50. Rc8 g3+ 51. Kh3 Qe5 0-1

[Event "WCCC U12 2019"]
[Site "Weifang"]
[Date "2019.08.22"]
[Round "2"]
[White "Zhao, Erick"]
[Black "Erkhes, Bayartnar"]
[Result "1-0"]
[ECO "C91"]
[WhiteElo "2072"]
[BlackElo "1819"]
[Annotator "NA"]
[PlyCount "70"]
[EventDate "2019.08.21"]
[EventType "swiss"]
[EventCountry "CHN"]
[SourceTitle "playchess.com"]
[Source "ChessBase"]
[SourceQuality "1"]
[TimeControl "40/5400+30:1800+30"]

1. e4 e5 2. Nf3 Nc6 3. Bb5 a6 4. Ba4 Nf6 5. O-O Be7 6. Re1 b5 7. Bb3 d6 8. c3 O-O 9. d4 Bg4 10. Be3 Na5 11. Bc2 Nd7 12. Nbd2 c5 13. h3 cxd4 14. cxd4 Bh5 15. Rc1 Rc8 16. Bd3 Bf6 17. d5 Bg6 18. b4 Nb7 19. Qb3 Be7 20. Qb1 Nf6 21. Rc6 Ra8 22. Rec1 Qb8 23. Nh4 Bd8 24. Ndf3 Nd7 25. Nxg6 hxg6 26. a4 bxa4 27. Bxa6 Bb6 28. Bxb6 Rxa6 29. Bc7 Qa8 30. b5 Ra7 31. b6 Ra6 32. Bxd6 Re8 33. Ba3 Rb8 34. Qb4 Na5 35. b7 Rxc6 1-0

[Event "WCCC U12 2019"]
[Site "Weifang"]
[Date "2019.08.22"]
[Round "2"]
[White "Seemann, Jakub"]
[Black "Li, Chengzhang"]
[Result "1-0"]
[ECO "B99"]
[WhiteElo "2047"]
[BlackElo "1768"]
[Annotator "NA"]
[PlyCount "51"]
[EventDate "2019.08.21"]
[EventType "swiss"]
[EventCountry "CHN"]
[SourceTitle "playchess.com"]
[Source "ChessBase"]
[SourceQuality "1"]
[TimeControl "40/5400+30:1800+30"]

1. e4 c5 2. Nf3 d6 3. d4 cxd4 4. Nxd4 Nf6 5. Nc3 a6 6. Bg5 e6 7. f4 Be7 8. Qf3 O-O 9. O-O-O Nbd7 10. g4 Qc7 11. Bxf6 Nxf6 12. g5 Nd7 13. h4 b5 14. Nf5 exf5 15. Nd5 Qd8 16. exf5 Nb6 17. f6 gxf6 18. gxf6 Bxf6 19. Rg1+ Kh8 20. Bd3 Bg7 21. Bxh7 Kxh7 22. Rxg7+ Kxg7 23. Rg1+ Kh6 24. Rg5 Qxg5 25. fxg5+ Kg6 26. Ne7+ 1-0

[Event "WCCC U12 2019"]
[Site "Weifang"]
[Date "2019.08.22"]
[Round "2"]
[White "Chen, Yuan"]
[Black "Zhou, Liran"]
[Result "1/2-1/2"]
[ECO "E81"]
[WhiteElo "1884"]
[BlackElo "2311"]
[Annotator "NA"]
[PlyCount "98"]
[EventDate "2019.08.21"]
[EventType "swiss"]
[EventCountry "CHN"]
[SourceTitle "playchess.com"]
[Source "ChessBase"]
[SourceQuality "1"]
[TimeControl "40/5400+30:1800+30"]

1. e4 g6 2. d4 Bg7 3. c4 d6 4. Nc3 Nf6 5. f3 O-O 6. Be3 c5 7. dxc5 dxc5 8. Qxd8 Rxd8 9. Bxc5 Nc6 10. Nge2 b6 11. Ba3 Ba6 12. Nb5 Rac8 13. Nec3 Nd7 14. O-O-O Nc5 15. Be2 Bb7 16. Rxd8+ Rxd8 17. Rd1 a6 18. Rxd8+ Nxd8 19. Bxc5 bxc5 20. Na3 Nc6 21. Nc2 e6 22. Ne1 Bd4 23. Nd3 Ne5 24. Nxe5 Bxe5 25. g3 Bxc3 26. bxc3 e5 27. Kd2 Kf8 28. Ke3 Ke7 29. Bd3 f6 30. g4 g5 31. h3 Kd6 32. Kd2 Kc6 33. Kc2 Kb6 34. Kb2 Ka5 35. Ka3 Bc6 36. Bc2 Be8 37. Bd1 h5 38. Bc2 h4 39. Bd1 Kb6 40. Bc2 a5 41. Bd1 Bf7 42. Be2 Be8 43. Bd1 Bd7 44. Bc2 Kc7 45. Bd1 Bc6 46. Bc2 Kb6 47. Bd1 Bb7 48. Bc2 Ba6 49. Bd3 Ka7 1/2-1/2

[Event "WCCC U12 2019"]
[Site "Weifang"]
[Date "2019.08.22"]
[Round "2"]
[White "Li Yihao"]
[Black "Pingin, Artem"]
[Result "1-0"]
[ECO "B86"]
[WhiteElo "1861"]
[BlackElo "2155"]
[Annotator "NA"]
[PlyCount "117"]
[EventDate "2019.08.21"]
[EventType "swiss"]
[EventCountry "CHN"]
[SourceTitle "playchess.com"]
[Source "ChessBase"]
[SourceQuality "1"]
[TimeControl "40/5400+30:1800+30"]

1. e4 c5 2. Nf3 d6 3. d4 cxd4 4. Nxd4 Nf6 5. Nc3 a6 6. Bg5 Nbd7 7. Bc4 e6 8. Bb3 Nc5 9. f3 Be7 10. Be3 Bd7 11. Qd2 b5 12. g4 b4 13. Nce2 a5 14. Ng3 h6 15. h4 Nxg4 16. fxg4 Bxh4 17. Qh2 Bxg3+ 18. Qxg3 Nxe4 19. Qg2 d5 20. g5 h5 21. a4 bxa3 22. Rxa3 a4 23. Ba2 Rb8 24. c3 Qe7 25. Nf3 Qd6 26. Kd1 e5 27. Kc1 Bc6 28. Qh2 f6 29. gxf6 gxf6 30. Qg2 Kd7 31. Bb1 Rbg8 32. Qh2 Kc8 33. Bc2 Qd7 34. Rd1 Nd6 35. b3 Rg4 36. Kb2 Qb7 37. Nd2 Kc7 38. Qf2 f5 39. Bc5 Rf8 40. Qh2 Qb5 41. Bxd6+ Kxd6 42. Qxh5 Bd7 43. Qh6+ Ke7 44. Nf3 Rf6 45. Qh7+ Kd6 46. c4 Rxc4 47. Bd3 axb3 48. Rxb3 Qc5 49. Bxc4 Qxc4 50. Qxd7+ Kxd7 51. Nxe5+ Kc7 52. Nxc4 dxc4 53. Rc3 Rc6 54. Rd4 Rc5 55. Rdxc4 Rxc4 56. Rxc4+ Kd6 57. Kc3 Ke5 58. Kd3 f4 59. Ke2 1-0

[Event "WCCC U12 2019"]
[Site "Weifang"]
[Date "2019.08.22"]
[Round "2"]
[White "Hoang, Minh Hieu"]
[Black "Ochirbat, Lkhagvajamts"]
[Result "1/2-1/2"]
[ECO "A39"]
[WhiteElo "1848"]
[BlackElo "2137"]
[Annotator "NA"]
[PlyCount "139"]
[EventDate "2019.08.21"]
[EventType "swiss"]
[EventCountry "CHN"]
[SourceTitle "playchess.com"]
[Source "ChessBase"]
[SourceQuality "1"]
[TimeControl "40/5400+30:1800+30"]

1. d4 Nf6 2. c4 c5 3. Nf3 g6 4. Nc3 cxd4 5. Nxd4 Bg7 6. g3 Nc6 7. Bg2 O-O 8. O-O Qb6 9. Nc2 d6 10. b3 Rd8 11. Bb2 e6 12. e4 a6 13. Qd2 Qc7 14. Rad1 Rb8 15. Qe2 b6 16. Kh1 Bb7 17. f4 Ne7 18. Nd4 Nd7 19. f5 exf5 20. exf5 Bxg2+ 21. Kxg2 Re8 22. fxg6 Nxg6 23. Qf2 Nf6 24. h3 Qb7+ 25. Kh2 Rbd8 26. Nf5 Bf8 27. Ne3 Re6 28. Ned5 Ne8 29. Ne2 b5 30. Nef4 bxc4 31. Nxe6 fxe6 32. Nf6+ Nxf6 33. Qxf6 Re8 34. bxc4 e5 35. Ba3 Qc7 36. Bxd6 Qxc4 37. Rf2 Bg7 38. Qf3 e4 39. Qb3 Qxb3 40. axb3 Rd8 41. Re2 Bf8 42. Rxe4 Rxd6 43. Rxd6 Bxd6 44. Re6 Be7 45. Rxa6 Kf7 46. Kg2 Nf8 47. Rh6 Kg7 48. Rb6 Kf7 49. b4 Nd7 50. Rb7 Ke6 51. Kf3 Kd6 52. Rb5 Kc6 53. Rh5 Nf8 54. b5+ Kb6 55. Ke4 Bc5 56. Ke5 Kxb5 57. Kf6 Kc4 58. Kg7 Kd4 59. Rf5 Ke4 60. g4 Ne6+ 61. Kf7 Nd8+ 62. Kf6 Bd4+ 63. Ke7 Nc6+ 64. Kd6 Ne5 65. Rh5 h6 66. Ke6 Nf3 67. Rxh6 Be3 68. Rh5 Bg5 69. Kf7 Kf4 70. Rh8 1/2-1/2

[Event "WCCC U12 2019"]
[Site "Weifang"]
[Date "2019.08.22"]
[Round "2"]
[White "Amgalantengis, Enkh-Amgalan"]
[Black "Chen, Max"]
[Result "0-1"]
[ECO "D91"]
[WhiteElo "1784"]
[BlackElo "2056"]
[Annotator "NA"]
[PlyCount "63"]
[EventDate "2019.08.21"]
[EventType "swiss"]
[EventCountry "CHN"]
[SourceTitle "playchess.com"]
[Source "ChessBase"]
[SourceQuality "1"]
[TimeControl "40/5400+30:1800+30"]

1. d4 Nf6 2. c4 g6 3. Nc3 d5 4. Nf3 Bg7 5. Bg5 Ne4 6. cxd5 Nxc3 7. bxc3 Qxd5 8. e3 Bg4 9. Bf4 Bxf3 10. Qxf3 Qxf3 11. gxf3 c6 12. Rb1 b6 13. Bg3 O-O 14. Bd3 Re8 15. O-O e5 16. Rfd1 Nd7 17. dxe5 Nxe5 18. Be2 c5 19. f4 Nc6 20. Bf3 Rac8 21. Bxc6 Rxc6 22. c4 Re4 23. Rbc1 Rce6 24. Rd5 Bb2 25. Rc2 Ba3 26. f5 gxf5 27. Rxf5 a6 28. Be5 b5 29. Bb2 Bxb2 30. Rxb2 Rg6+ 31. Kf1 bxc4 32. Rc2 0-1

[Event "WCCC U12 2019"]
[Site "Weifang"]
[Date "2019.08.29"]
[Round "8.1"]
[White "Zhou, Liran"]
[Black "Pingin, Artem"]
[Result "1-0"]
[ECO "B86"]
[WhiteElo "2311"]
[BlackElo "2155"]
[Annotator "RC"]
[PlyCount "113"]
[EventDate "2019.08.21"]
[EventType "swiss"]
[EventCountry "CHN"]
[SourceTitle "playchess.com"]
[Source "ChessBase"]
[SourceQuality "1"]
[TimeControl "40/5400+30:1800+30"]

1. e4 c5 2. Nf3 d6 3. d4 cxd4 4. Nxd4 Nf6 5. Nc3 a6 6. Bc4 e6 7. O-O Nbd7 8. Re1 b5 9. Bd5 Nxd5 10. exd5 e5 11. Nc6 Qc7 12. a4 bxa4 13. Rxa4 Nb6 14. Rb4 Bd7 15. Qd4 Nc8 16. Rc4 Ne7 17. Nxe7 exd4 18. Rxc7 Bxe7 19. Na4 Rb8 20. Bd2 h5 21. Ba5 Bxa4 22. Rexe7+ Kf8 23. Rxf7+ Kg8 24. Rxg7+ Kf8 25. b3 d3 26. cxd3 Bxb3 27. Rcf7+ Ke8 28. Rb7 Rc8 29. Rge7+ Kf8 30. Rec7 Rxc7 31. Bxc7 Bxd5 32. Bxd6+ Kg8 33. Rb8+ Kh7 34. Rxh8+ Kxh8 35. f3 Kg7 36. Kf2 Kf6 37. g4 Kg5 38. Kg3 hxg4 39. fxg4 a5 40. h4+ Kf6 41. Kf4 Bb3 42. h5 Bd1 43. d4 a4 44. Bc5 Ke6 45. Kg5 Be2 46. Ba3 Bf3 47. h6 Be4 48. d5+ Kf7 49. d6 Ke6 50. d7 Kxd7 51. Kf6 Kc6 52. g5 Kb5 53. g6 Kc4 54. h7 Kb3 55. Bd6 a3 56. h8=Q a2 57. Be5 1-0

[Event "WCCC U12 2019"]
[Site "Weifang"]
[Date "2019.08.29"]
[Round "8.2"]
[White "Chen, Yuan"]
[Black "Park, Evan"]
[Result "1/2-1/2"]
[ECO "E83"]
[WhiteElo "1884"]
[BlackElo "2078"]
[Annotator "NA"]
[PlyCount "117"]
[EventDate "2019.08.21"]
[EventType "swiss"]
[EventCountry "CHN"]
[SourceTitle "playchess.com"]
[Source "ChessBase"]
[SourceQuality "1"]
[TimeControl "40/5400+30:1800+30"]

1. e4 g6 2. d4 Bg7 3. c4 d6 4. Nc3 Nf6 5. f3 O-O 6. Be3 Nc6 7. Qd2 a6 8. O-O-O b5 9. cxb5 axb5 10. Bxb5 Na5 11. Qe2 c6 12. Bd3 Qb6 13. h4 Ba6 14. Bxa6 Rxa6 15. g4 Rb8 16. Rd2 Ra7 17. Rc2 Qb4 18. Nb1 Nd7 19. Qd2 Nc4 20. Qxb4 Rxb4 21. Bf2 Rxa2 22. b3 Ra1 23. Rc3 Na3 24. Kb2 Rxb1+ 25. Kxa3 Rb5 26. Ka2 Rd1 27. Rc2 c5 28. Kb2 Rd3 29. Kc1 Rdxb3 30. dxc5 Nxc5 31. Kd2 Rb2 32. Bxc5 dxc5 33. Nh3 Rxc2+ 34. Kxc2 Rb2+ 35. Kd3 Rb3+ 36. Ke2 Bd4 37. Rf1 c4 38. Rd1 e5 39. Ng1 Rb2+ 40. Kf1 Bxg1 41. Kxg1 c3 42. Rc1 c2 43. Kf2 f5 44. Ke2 Kf7 45. Kd2 fxe4 46. fxe4 Rb4 47. Rxc2 Rxe4 48. Rc7+ Ke6 49. Rxh7 Rxg4 50. Ke3 Ra4 51. Kf3 Rf4+ 52. Ke3 Kf5 53. Rh8 Ra4 54. Rf8+ Kg4 55. Rg8 Ra6 56. Rh8 Kg3 57. Ke4 Re6 58. Rh6 Kg4 59. h5 1/2-1/2